 Dungeon Crawl Stone Soup version 0.17-a0-2198-g482c6e3 (webtiles) character file.

25 Minkie the Poker (level 3, 26/27 HPs)
             Began as a Merfolk Warper on Oct 25, 2015.
             Quit the game on level 1 of the Dungeon.
             The game lasted 00:03:13 (544 turns).

Minkie the Poker (Merfolk Warper)                    Turns: 544, Time: 00:03:13

Health: 26/27      AC:  6    Str: 11    XL:     3   Next: 4%
Magic:  6/6        EV:  9    Int: 13    God:
Gold:   52         SH:  0    Dex: 13    Spells: 1 memorised, 5 levels left

rFire  . . .     SeeInvis .     a - +0 spear
rCold  + . .     Clarity  .     l - +0 scale mail (curse)
rNeg   + . .     SustAt   .     (no shield)
rPois  .         Gourm    .     (no helmet)
rElec  .         Spirit   .     (no cloak)
rCorr  .         Warding  .     (no gloves)
rMut   .         Stasis   .     (no boots)
MR     .....                    (no amulet)
Stlth  ..........               o - ring of protection from cold
                                r - ring of positive energy

@: not resistant to hostile enchantments, extremely unstealthy
A: change form in water, swift swim
a: no special abilities


You were on level 1 of the Dungeon.
You were not hungry.

You visited 1 branch of the dungeon, and saw 1 of its levels.

You collected 52 gold pieces.

Inventory:

Hand Weapons
 a - a +0 spear (weapon)
Missiles
 e - 5 tomahawks of dispersal (quivered)
Armour
 l - a cursed +0 scale mail (worn)
 m - a +3 leather armour
Jewellery
 b - an uncursed ring of sustain attributes
 o - a ring of protection from cold (right hand)
 r - a ring of positive energy (left hand)
Scrolls
 d - a scroll of blinking
 g - a scroll of enchant armour {unknown}
 j - a scroll of remove curse {unknown}
Potions
 h - a potion of agility {unknown}
 i - a potion of degeneration {unknown}
 k - 2 potions of ambrosia {unknown}
 n - a potion of curing {unknown}
 q - 2 potions of lignification {unknown}
Books
 c - a book of Spatial Translocations

   Spells                             Type                      Level
   a - Apportation                    Translocation                1
   b - Blink                          Translocation                2
   c - Shroud of Golubria             Charms/Translocation         2
   d - Portal Projectile              Translocation                3
   e - Teleport Other                 Translocation                3
   f - Passage of Golubria            Translocation                4
Comestibles
 f - a bread ration
 p - a meat ration


   Skills:
 - Level 2.1 Fighting
 + Level 4.4 Polearms
 - Level 1.0 Throwing
 - Level 1.0 Armour
 - Level 3.0 Dodging
 - Level 2.0 Spellcasting
 - Level 2.4 Translocations


You had 5 spell levels left.
You knew the following spells:

 Your Spells              Type           Power        Failure   Level  Hunger
a - Apportation           Tloc           #.........   71%         1    ##.....


Dungeon Overview and Level Annotations

Branches:
Dungeon (1/15)

Altars:


Message History

You have reached level 3!
Your experience leads to an increase in your attributes!
Increase (S)trength, (I)ntelligence, or (D)exterity?
You feel clever.
You see here a giant cockroach corpse.
A goblin comes into view. It is wielding a club.
The goblin shouts!
Attack whom?
Press: ? - help, Dir - move target cursor, f - goblin
Aim: a goblin, wielding a club You reach to attack!
You hit the goblin.
The goblin is severely wounded.
You hit the goblin.
You kill the goblin!
No target in view!
No target in view!
You see here a club.
Done exploring.
Done exploring.
Are you sure you want to abandon this character and quit the game? (Confirm with "yes".)

##................
######...##......#...#
#................#.###
#.........รท...........
#......>......>.^.....
#...........).........
#.........)....#......
#........##....#......
#....@#######.##[.....
#.....# ##########
#.....# #.....# #######


There were no monsters in sight!

Vanquished Creatures
  A ball python (D:1)
  2 bats (D:1)
  4 giant cockroaches (D:1)
  6 goblins (D:1)
  2 hobgoblins (D:1)
  2 kobolds (D:1)
  4 rats (D:1)
21 creatures vanquished.

Notes
Turn   | Place    | Note
--------------------------------------------------------------
     0 | D:1      | Minkie the Merfolk Warper began the quest for the Orb.
     0 | D:1      | Reached XP level 1. HP: 16/16 MP: 3/3
    33 | D:1      | Reached skill level 1 in Armour
    56 | D:1      | Reached XP level 2. HP: 15/22 MP: 5/5
   270 | D:1      | Reached skill level 4 in Polearms
   519 | D:1      | Reached XP level 3. HP: 24/27 MP: 6/6
   544 | D:1      | Quit the game

Vault maps used:
D:1:      eino_arrival_water_star, item_on_display_a

Action                   || total
-------------------------++-------
Melee: Spear             ||    93
